 Seeded DCSS version 0.30-a0-719-gcc4359ea44 (webtiles) character file.

Game seed: 905864180322077160 (custom seed)

294 hikkokomori the Trooper (level 6, -2/56 HPs)
             Began as a Minotaur Fighter on Jan 27, 2023.
             Killed from afar by an orc wizard (6 damage)
             ... with a magic dart
             ... on level 3 of the Dungeon.
             The game lasted 00:02:46 (2182 turns).

hikkokomori the Trooper (Minotaur Fighter)          Turns: 2182, Time: 00:02:47

Health: -2/56      AC:  8    Str: 21    XL:     6   Next: 11%
Magic:  5/5        EV:  9    Int:  5    God:
Gold:   199        SH:  5    Dex: 11    Spells: 5/5 levels left

rFire   . . .      SeeInvis .    a - +0 war axe
rCold   . . .      Faith    .    c - +0 buckler
rNeg    . . .      Spirit   .    b - +0 scale mail
rPois   .          Reflect  .    i - +0 hat
rElec   .          Harm     .    r - +0 cloak
rCorr   .          Rampage  .    (no gloves)
Will    .....                    (no boots) Stlth
                                 (no amulet)
HPRegen 0.29/turn                (no ring)
MPRegen 0.09/turn                (no ring)

@: mighty, lethally poisoned (-2 -> -14)
A: horns 2, retaliatory headbutt
a: no special abilities


You were on level 3 of the Dungeon.
You visited 1 branch of the dungeon, and saw 3 of its levels.
You also visited: Sewer.

You collected 199 gold pieces.

Inventory:

Hand Weapons
 a - a +0 war axe (weapon)
Armour
 b - a +0 scale mail (worn)
 c - a +0 buckler (worn)
 i - a +0 hat (worn)
 r - a +0 cloak (worn)
Wands
 s - a wand of iceblast (5)
Scrolls
 f - a scroll of vulnerability {unknown}
 g - 3 scrolls of teleportation {unknown}
 j - a scroll of fear {unknown}
 k - a scroll of identify {unknown}
 l - 2 scrolls of noise {unknown}
 n - a scroll of amnesia {unknown}
 o - a scroll of poison {unknown}
 p - a scroll of magic mapping {unknown}
Potions
 d - a potion of might
 h - a potion of flight {unknown}
 m - a potion of magic {unknown}
 q - 2 potions of haste


   Skills:
 + Level 5.2 Fighting
 + Level 4.3 Axes
 + Level 5.1 Armour
 + Level 5.1 Shields


You had 5 spell levels left.
You didn't know any spells.
Your spell library contained the following spells:

 Spells                   Type           Power      Damage    Failure   Level
 Magic Dart               Conj           0%         1d3       87%         1
 Searing Ray              Conj           0%         2d4       95%         2
 Fulminant Prism          Conj/Hex       0%         3d5       100%        4


Dungeon Overview and Level Annotations

Branches:
Dungeon (3/15)              Sewer (visited)

Altars:

Shops:
D:1 *

Annotations:
D:2 1 runed translucent door, Crazy Yiuf


Innate Abilities, Weirdness & Mutations

You have a pair of horns on your head.
You reflexively headbutt those who attack you in melee.


Message History

You feel better. Something hits you but does no damage.
You are poisoned.
Found a stone staircase leading down.
You feel very sick.
You hear some strange, mumbled words.
A magic dart appears from out of thin air!
The magic dart hits you but does no damage.
You closely miss something.
You feel sick. Something hits you but does no damage.
You feel better. You block something's attack.
You barely miss something. Something hits you but does no damage.
You barely miss something. Your headbutt misses something.
Something hits you but does no damage.
You are poisoned.
Something hits you.
* * * LOW HITPOINT WARNING * * *
You are lethally poisoned!
You feel better.
You hear some strange, mumbled words.
A puff of flame appears from out of thin air!
The puff of flame hits you.
You closely miss something. Something hits you but does no damage.
You are poisoned.
You feel very mighty all of a sudden.
You feel very sick. Something hits you.
* * * LOW HITPOINT WARNING * * *
You are lethally poisoned!
You barely miss something.
* * * LOW HITPOINT WARNING * * *
You feel very sick. Something hits you.
* * * LOW HITPOINT WARNING * * *
You miss something.
* * * LOW HITPOINT WARNING * * *
You feel very sick.
You hear some strange, mumbled words.
A magic dart appears from out of thin air!
The magic dart hits you.
You die...

.### .........#######.......#.
...# .....................###.
##.#####............#.....(...
#.....##.................#.
###.....#...........$....##
#####.............^.......
..8.'..............)...##
#.#.#...........){.....##
..#.#.[.......>.@........?
###.#.....................
....#.....................
#####..................###
.........................
.............).#.......#..
.........>.....###########
.<............. .........


There were no monsters in sight!

Vanquished Creatures
  Pargi (Sewer)
  A centaur (D:3)
  An orc wizard (D:3)
  3 adders (D:3)
  A worm (D:3)
  3 orcs (D:3)
  5 ball pythons
  4 endoplasms (D:1)
  4 giant cockroaches
  6 goblins
  4 hobgoblins
  3 kobolds
  3 quokkas (D:1)
  10 bats
  3 frilled lizards
  A rat (D:2)
53 creatures vanquished.

Notes
Turn   | Place    | Note
-------+----------+-------------------------------------------
     0 | D:1      | hikkokomori the Minotaur Fighter began the quest for the
                  | Orb.
     0 | D:1      | Reached XP level 1. HP: 19/19 MP: 0/0
    17 | D:1      | Found Heeq's Assorted Antiques.
   118 | D:1      | Reached XP level 2. HP: 18/27 MP: 1/1
  1051 | D:2      | Reached XP level 3. HP: 33/33 MP: 2/2
  1203 | D:2      | Found a runed translucent door.
  1204 | D:2      | Noticed Crazy Yiuf
  1656 | D:3      | Found a faded altar of an unknown god.
  1854 | D:3      | Noticed a centaur
  1865 | D:3      | Killed a centaur
  1866 | D:3      | Reached XP level 4. HP: 9/41 MP: 3/3
  1933 | D:3      | Found a glowing drain.
  1950 | D:3      | Reached XP level 5. HP: 36/47 MP: 4/4
  1970 | Sewer    | Entered a sewer
  2008 | Sewer    | Noticed Pargi
  2021 | Sewer    | Killed Pargi
  2022 | Sewer    | Reached skill level 5 in Fighting
  2022 | Sewer    | Reached skill level 5 in Armour
  2022 | Sewer    | Reached skill level 5 in Shields
  2160 | D:3      | Reached XP level 6. HP: 26/56 MP: 5/5
  2182 | D:3      | Killed from afar by an orc wizard

Illustrated notes

Levels and vault maps discovered:
D:1:      dpeg_arrival_renting, layout_loops_ring, serial_shops, shop,
          nicolae_figureground_sparkle
D:2:      layout_loops_ring, grunt_ministairs_14, kennysheep_generic_room_4,
          uniq_crazy_yiuf_cottage
D:3:      layout_rooms, gup_sewer_entry_glass, shapermc_ecumenical_altar_ellora,
          nicolae_titane

Skill      XL: |  1  2  3  4  5 |
---------------+----------------+-----
Armour         | 4 5 |  5.1
Shields        | 4 5 |  5.1
Fighting       | 4 5 |  5.2
Axes           | 3 4 |  4.3

Action                     |  1- 3 |  4- 6 || total
---------------------------+-------+-------++-------
  Melee: War axe           |    62 |    47 ||   109
         Headbutt          |    12 |     3 ||    15
    Use: Potion            |       |     6 ||     6
 Armour: Scale mail        |    46 |    51 ||    97
  Dodge: Dodged            |    38 |    37 ||    75
  Block: Buckler           |    16 |    14 ||    30

Table legend: (Time is in decaauts)
 A = Elapsed time spent in this place.
 B = Non-inter-level travel time spent in this place.
 C = Inter-level travel time spent in this place.
 D = Time resting spent in this place.
 E = Time spent auto-exploring this place.
 F = Levels seen in this place.
 G = Mean time per level.
                   A        B        C        D        E       F      G
               +--------+--------+--------+--------+--------+-----+--------+
         Total |   2224 |   2082 |    142 |     60 |   1667 |   4 |  556.0 |
       Dungeon |   2046 |   1904 |    142 |     60 |   1529 |   3 |  682.0 |
         Sewer |    178 |    178 |      0 |      0 |    138 |   1 |  178.0 |
               +--------+--------+--------+--------+--------+-----+--------+

Top non-repeatable levels by time:
     D:1: 889 daAuts
     D:2: 764 daAuts
     D:3: 392 daAuts
   Sewer: 178 daAuts
